AoeStats
← Yulego24

Oasis

509963380Analyzed
2v2 RM · 2d ago on Sep 28, 2026· 72m 5s· 4 players
Game mode
Random Map
Map size
Medium (4 player)
Population
200
Speed
Normal
Resources
Standard
Victory
Conquest
Starting age
Dark Age
Ending age
Imperial Age
RankedLock teamsTeams togetherTeam positionsShared explorationLock speedFull tech treeHidden civsTurbo modeCheats
Victory
Defeat
🇨🇷 Varangians · Costa Rica
1046
+13
🇨🇷 Franks · Costa Rica
1025
+14
🇹🇷 Persians · Türkiye
994
-14
🇧🇴 Lithuanians · Bolivia
960
-13
remoba66_
1:35 Loom
12:07 Feudal Age
12:57 Horse Collar
13:04 Double-Bit Axe
20:18 Castle Age
19:19 Scale Barding Armor
20:21 Forging
20:55 Wheelbarrow
23:37 Bloodlines
31:38 Imperial Age
30:50 Iron Casting
30:35 Chain Barding Armor
31:49 Husbandry
31:15 Cavalier
32:51 Hand Cart
32:50 Heavy Plow
33:00 Savar
35:34 Plate Barding Armor
37:08 Conscription
38:20 Blast Furnace
42:26 Crop Rotation
46:41 Kamandaran
46:35 Fletching
46:46 Padded Archer Armor
48:39 Caravan
49:30 Bodkin Arrow
49:50 Leather Archer Armor
49:36 Scale Mail Armor
49:30 Crossbowman
51:26 Thumb Ring
52:12 Ring Archer Armor
53:42 Chemistry
52:15 Light Cavalry
53:11 Bow Saw
53:25 Chain Mail Armor
64:07 Heavy Camel Rider
64:43 Pikeman
65:24 Squires
65:13 Halberdier
68:21 Plate Mail Armor
Edcastillo
2:53 Loom
11:20 Feudal Age
20:33 Man-at-Arms
29:24 Horse Collar
38:24 Double-Bit Axe
41:21 Wheelbarrow
42:46 Gold Mining
44:12 Stone Mining
46:27 Castle Age
45:21 Forging
45:12 Scale Mail Armor
46:41 Bloodlines
47:20 Husbandry
48:16 Bow Saw
51:34 Iron Casting
51:14 Chain Mail Armor
51:05 Scale Barding Armor
51:00 Pikeman
51:42 Squires
55:10 Chain Barding Armor
56:15 Hand Cart
64:04 Arson
Ganito
5:02 Loom
11:08 Feudal Age
11:16 Man-at-Arms
11:49 Arson
21:51 Horse Collar
34:57 Castle Age
36:13 Pikeman
36:39 Gambesons
36:46 Double-Bit Axe
42:18 Scale Mail Armor
44:54 Imperial Age
43:03 Wheelbarrow
47:24 Conscription
47:58 Chain Mail Armor
47:54 Forging
47:25 Halberdier
48:06 Squires
51:08 Plate Mail Armor
51:55 Heavy Plow
52:07 Bow Saw
51:54 Gold Mining
51:54 Town Watch
52:24 Hand Cart
56:04 Padded Archer Armor
56:39 Iron Casting
56:52 Elite Skirmisher
58:35 Leather Archer Armor
59:20 Blast Furnace
58:49 Ballistics
59:29 Chemistry
59:03 Cranequins
65:36 Capped Ram
67:14 Ring Archer Armor
66:35 Fletching
67:12 Siege Ram
68:10 Onager
71:51 Heavy Mounted Crossbowman
Yulego24
8:24 Loom
11:14 Feudal Age
17:34 Forging
20:40 Castle Age
19:08 Double-Bit Axe
22:25 Bow Saw
23:40 Scale Barding Armor
25:06 Iron Casting
24:51 Fletching
26:07 Pikeman
30:51 Wheelbarrow
32:16 Chain Barding Armor
32:15 Scale Mail Armor
32:20 Bodkin Arrow
35:50 Imperial Age
35:19 Chain Mail Armor
35:55 Husbandry
36:08 Halberdier
37:13 Squires
39:01 Gold Mining
40:00 Plate Barding Armor
42:57 Blast Furnace
41:23 Cavalier
44:42 Plate Mail Armor
45:02 Conscription
51:45 Hand Cart
54:34 Gold Shaft Mining
55:08 Capped Ram
57:00 Paladin
Connection lost

Rejoining the realm…

Still unreachable

The connection could not be restored.

Session expired

The server has moved on; the page needs a fresh start.